 Dungeon Crawl Stone Soup version 0.31-a0-986-g5e6e4ef867 (webtiles) character file.

Game seed: 10362813067236911582

1124 mattiecakes the Unflinching (level 8, 0/48 HPs)
             Began as a Gargoyle Fighter on Nov 15, 2023.
             Was a Believer of the Shining One.
             Killed by divine providence
             ... invoked by Jeremiah
              (12 damage)
             ... on level 6 of the Dungeon.
             The game lasted 00:09:57 (5598 turns).

mattiecakes the Unflinching (Gargoyle Fighter)      Turns: 5598, Time: 00:09:58

Health: 0/48       AC: 20    Str: 21    XL:     8   Next: 35%
Magic:  23/23      EV:  8    Int: 10    God:    the Shining One [**....]
Gold:   330        SH:  5    Dex: 15    Spells: 7/7 levels left

rFire   . . .        a - +0 war axe (flame)
rCold   . . .        c - +0 buckler
rNeg    + + .        t - +0 chain mail
rPois   ∞            (no helmet)
rElec   +            o - +2 cloak
rCorr   .            (no gloves)
SInv    .            l - +1 pair of boots
Will    .....        (no amulet) Stlth
                     k - +6 ring of dexterity
HPRegen 0.28/turn    j - ring of magical power
MPRegen 0.18/turn

%: no passive effects
@: glowing
A: sickness immunity, AC +5, negative energy resistance 1, electricity
resistance, torment resistance 1, petrification resistance
a: Renounce Religion, Divine Shield


You were on level 6 of the Dungeon.
You worshipped the Shining One.
The Shining One was pleased with you.
You visited 1 branch of the dungeon, and saw 6 of its levels.

You collected 330 gold pieces.

Inventory:

Hand Weapons
 a - a +0 war axe of flaming (weapon)
Missiles
 d - a throwing net
Armour
 c - a +0 buckler (worn)
 l - a +1 pair of boots (worn)
 o - a +2 cloak (worn)
 t - a +0 chain mail (worn)
Jewellery
 j - a ring of magical power (right hand)
 k - a +6 ring of dexterity (left hand)
Wands
 b - a wand of mindburst (12)
 h - a wand of flame (16)
Scrolls
 e - a scroll of vulnerability
 g - a scroll of summoning {unknown}
 m - a scroll of teleportation {unknown}
 u - a scroll of fog
Potions
 f - a potion of cancellation {unknown}
 p - a potion of magic
 q - 2 potions of lignification
 s - a potion of might


   Skills:
 + Level 4.1 Fighting
 + Level 2.7 Axes
 + Level 4.1 Armour
 + Level 4.1 Shields
 + Level 9.1 Invocations


You had 7 spell levels left.
You didn't know any spells.
Your spell library contained the following spells:

 Spells                   Type           Power      Damage    Failure   Level
 Slow                     Hex            0%         N/A       97%         1
 Blink                    Tloc           0%         N/A       99%         2
 Lesser Beckoning         Tloc           0%         N/A       99%         2
 Momentum Strike          Conj/Tloc      0%         3d8       99%         2
 Static Discharge         Conj/Air       0%         3-3/arc   99%         2
 Confusing Touch          Hex            0%         N/A       100%        3
 Sigil of Binding         Hex            0%         N/A       100%        3
 Vampiric Draining        Necr           0%         2d6       100%        3
 Airstrike                Air            0%         2d(0-16)  100%        4
 Summon Lightning Spire   Summ/Air       0%         N/A       100%        4


Dungeon Overview and Level Annotations

Branches:
Dungeon (6/15)
 Temple: D:4-7

Altars:
Gozag
Okawaru
Sif Muna
Vehumet
Yredelemnul
The Shining One

Shops:
D:2 ?

Annotations:
D:6 Jeremiah


Innate Abilities, Weirdness & Mutations

You are immune to sickness and miasma.
Your stone body is resilient. (AC +5)
You are immune to poison.
You resist negative energy. (rN+)
You are resistant to electric shocks. (rElec)
You are resistant to unholy torment.
You are immune to petrification.


Message History

The butterfly disappears in a burst of colours! x3
Jeremiah hits you but does no damage.
You closely miss the butterfly. You hit the butterfly. You burn the butterfly.
You kill the butterfly!
The butterfly disappears in a burst of colours! x2
Jeremiah hits you from afar with a +2 trident of draining. x2
Unknown command.
You hit the butterfly. You burn the butterfly.
You kill the butterfly!
The butterfly disappears in a burst of colours!
You hit the butterfly. You burn the butterfly.
You kill the butterfly!
The butterfly disappears in a burst of colours! x4
Jeremiah mumbles a slurred invocation.
Something smites you!
You slash the butterfly! You burn the butterfly.
You kill the butterfly!
The butterfly disappears in a burst of colours!
You closely miss the butterfly. You slash the butterfly!
You burn the butterfly.
You kill the butterfly!
The butterfly disappears in a burst of colours! x3
Jeremiah hits you from afar with a +2 trident of draining!
* * * LOW HITPOINT WARNING * * *
Jeremiah hits you but does no damage.
You hit the butterfly but do no damage. You closely miss the butterfly.
You completely miss the butterfly.
The butterfly disappears in a burst of colours! x2
Jeremiah barely misses you.
As you read the scroll of fog, it dissolves into smoke.
Jeremiah hits you but does no damage. Jeremiah attacks as they pursue you!
Jeremiah barely misses you. Jeremiah attacks as they pursue you!
Jeremiah hits you but does no damage.
You slash the butterfly! You burn the butterfly.
You kill the butterfly!
The butterfly disappears in a burst of colours! x2
Jeremiah mumbles a slurred invocation.
Something smites you!
You die...
Jeremiah asks, "What happened?
Did... did you die?"

#....$.##.#....########.
#....bb.#.#.............
#..[b.b.#.##############
#......b#.###
##....§b§§...#
........b§#.#.#
####b..§§F#.#...
#...§bb#.# ###
#...§§@#.# ####+#§..#
#§§## #..# #... #.###
#.# #.# #.#


You could see Jeremiah.

Vanquished Creatures
  The ghost of sammy202020 the Changeling, a novice MfSh (D:5)
  An ogre (D:4)
  A bullfrog (D:6)
  2 scorpions (D:5)
  3 quasits (D:5)
  2 hounds
  Crazy Yiuf (D:2)
  Jessica (D:3)
  Natasha (thrice) (D:2)
  2 orc wizards (D:5)
  Terence (D:3)
  7 gnolls
  4 adders
  A shadow imp (D:5)
  A white imp (D:3)
  2 worms
  7 orcs
  7 endoplasms
  4 giant cockroaches
  8 hobgoblins
  6 jackals
  A quokka (D:1)
  4 ball pythons
  5 bats
  4 frilled lizards
  5 goblins
  13 kobolds
  3 rats
100 creatures vanquished.

Notes
Turn   | Place    | Note
-------+----------+-------------------------------------------
     0 | D:1      | mattiecakes the Gargoyle Fighter began the quest for the
                  | Orb.
     0 | D:1      | Reached XP level 1. HP: 14/14 MP: 1/1
   202 | D:1      | Reached XP level 2. HP: 19/19 MP: 2/2
   203 | D:1      | You fall into a shaft and drop 1 floor!
   208 | D:2      | Noticed Natasha
   221 | D:2      | Killed Natasha
   222 | D:2      | Reached XP level 3. HP: 15/24 MP: 3/3
   407 | D:2      | Found Kiuph's Magic Scroll Boutique.
   456 | D:2      | Noticed Natasha
   460 | D:2      | Killed Natasha
   461 | D:2      | Reached XP level 4. HP: 29/29 MP: 4/4
   631 | D:2      | Noticed Natasha
   651 | D:2      | Killed Natasha
   966 | D:2      | Found a runed translucent door.
   967 | D:2      | Noticed Crazy Yiuf
  1669 | D:1      | Found a faded altar of an unknown god.
  1677 | D:1      | Prayed at the altar of an unknown god.
  1677 | D:1      | Became a worshipper of the Shining One
  1677 | D:1      | Reached * piety under the Shining One
  1718 | D:1      | Reached XP level 5. HP: 33/33 MP: 5/5
  2604 | D:2      | Killed Crazy Yiuf
  2605 | D:2      | Reached skill level 1 in Invocations
  2750 | D:3      | Found a shimmering blue altar of Sif Muna.
  2856 | D:3      | Noticed Terence
  2866 | D:3      | Killed Terence
  2867 | D:3      | Reached skill level 2 in Invocations
  3084 | D:3      | Found an iron altar of Okawaru.
  3177 | D:3      | Reached skill level 3 in Invocations
  3195 | D:3      | Reached XP level 6. HP: 38/38 MP: 8/8
  3295 | D:3      | Noticed Jessica
  3300 | D:3      | Killed Jessica
  3301 | D:3      | Reached skill level 4 in Invocations
  4048 | D:4      | Reached skill level 5 in Invocations
  4106 | D:4      | Reached ** piety under the Shining One
  4287 | D:4      | Found a radiant altar of Vehumet.
  4441 | D:5      | Entered Level 5 of the Dungeon
  4457 | D:5      | Found an opulent altar of Gozag.
  4524 | D:5      | Reached XP level 7. HP: 43/43 MP: 9/11
  4631 | D:5      | Reached skill level 6 in Invocations
  4791 | D:5      | Found a basalt altar of Yredelemnul.
  4817 | D:5      | Found a transporter.
  4826 | D:5      | Noticed sammy202020's ghost (novice MfSh)
  4995 | D:5      | Found a transporter.
  5295 | D:5      | Reached skill level 7 in Invocations
  5299 | D:5      | Killed sammy202020's ghost
  5300 | D:5      | Reached skill level 8 in Invocations
  5300 | D:5      | Reached XP level 8. HP: 38/48 MP: 12/14
  5476 | D:6      | Reached skill level 9 in Invocations
  5562 | D:6      | Noticed Jeremiah
  5598 | D:6      | Killed from afar by Jeremiah

Illustrated notes

Levels and vault maps discovered:
D:1:      nagdon_arrival_double_spiral, layout_basic,
          chequers_ecumenical_altar_simple_redux, kennysheep_minor_cross,
          chequers_big_river
D:2:      layout_basic, serial_shops, nicolae_diamond_shop, uniq_natasha,
          uniq_crazy_yiuf_cottage
D:3:      layout_basic, led_sif_pool, okawaru_trees_2, minmay_misc_feat_room,
          uniq_jessica, uniq_terence
D:4:      layout_basic, lemuel_round_altar, hangedman_decor_slide_cut
D:5:      layout_loops_ring, amcnicky_altar_gilded, yredelemnul_altar_generic,
          gammafunk_ghost_stat_death
D:6:      layout_basic, nemelex_spade_bored_becter, makhleb_blood_cavern_becter,
          dreamdust_gnoll_farm, uniq_jeremiah

Skill      XL: |  1  2  3  4  5  6  7  8 |
---------------+-------------------------+-----
Axes           | 2 |  2.7
Fighting       | 4 |  4.1
Armour         | 4 |  4.1
Shields        | 4 |  4.1
Invocations    | 3 5 8 9 |  9.1

Action                     |  1- 3 |  4- 6 |  7- 9 || total
---------------------------+-------+-------+-------++-------
  Melee: War axe           |    38 |   176 |    75 ||   289
    Use: Potion            |       |     7 |     2 ||     9
         Scroll            |       |       |    11 ||    11
 Armour: Scale mail        |    31 |   135 |       ||   166
         Skin              |       |     8 |       ||     8
         Chain mail        |       |     6 |    67 ||    73
  Dodge: Dodged            |    20 |    94 |    29 ||   143
  Block: Buckler           |     7 |    45 |    14 ||    66

Table legend: (Time is in decaauts)
 A = Elapsed time spent in this place.
 B = Non-inter-level travel time spent in this place.
 C = Inter-level travel time spent in this place.
 D = Time resting spent in this place.
 E = Time spent auto-exploring this place.
 F = Levels seen in this place.
 G = Mean time per level.
                   A        B        C        D        E       F      G
               +--------+--------+--------+--------+--------+-----+--------+
         Total |   5743 |   5404 |    339 |    395 |   4161 |   6 |  957.2 |
       Dungeon |   5743 |   5404 |    339 |    395 |   4161 |   6 |  957.2 |
               +--------+--------+--------+--------+--------+-----+--------+

Top non-repeatable levels by time:
     D:2: 1490 daAuts
     D:1: 1281 daAuts
     D:5: 999 daAuts
     D:4: 922 daAuts
     D:3: 862 daAuts
     D:6: 187 daAuts
